 Dungeon Crawl Stone Soup version 0.28-a0-239-g68911e0c57 (webtiles) character file.

Game seed: 9547304711492897512

2 aSlayers the Stinger (level 1, -2/13 HPs)
             Began as a Demonspawn Venom Mage on Aug 23, 2021.
             Slain by a ball python (3 damage)
             ... on level 1 of the Dungeon.
             The game lasted 00:01:09 (172 turns).

aSlayers the Stinger (Demonspawn Venom Mage)         Turns: 172, Time: 00:01:10

Health: -2/13      AC:  2    Str:  8    XL:     1   Next: 25%
Magic:  1/3        EV:  9    Int: 16    God:
Gold:   0          SH:  0    Dex: 13    Spells: 3/4 levels left

rFire   . . .      SeeInvis .   b - +0 whip
rCold   . . .      Faith    .   (no shield)
rNeg    . . .      Spirit   .   a - +0 robe
rPois   .          Reflect  .   (no helmet)
rElec   .          Harm     .   (no cloak)
rCorr   .          Rampage  .   (no gloves)
Will    .....                   (no boots)
Stlth   ++........              (no amulet)
HPRegen 0.04/turn               (no ring)
MPRegen 0.08/turn               (no ring)

@: very slightly contaminated, constricted
A: no striking features
a: no special abilities


You were on level 1 of the Dungeon.
You visited 1 branch of the dungeon, and saw 1 of its levels.

Inventory:

Hand Weapons
 b - a +0 whip (weapon)
Armour
 a - a +0 robe (worn)


   Skills:
 + Level 1.7 Dodging
 + Level 1.7 Stealth
 + Level 2.0 Spellcasting
 + Level 0.8 Transmutations
 + Level 3.1 Poison Magic


You had 3 spell levels left.
You knew the following spells:

 Your Spells              Type           Power      Damage    Failure   Level
a - Sting                 Tmut/Pois      32%        1d4       9%          1

Your spell library contained the following spells:

 Spells                   Type           Power      Damage    Failure   Level
 Poisonous Vapours        Pois/Air       12%        N/A       17%         2
 Mephitic Cloud           Conj/Pois/Air  4%         N/A       38%         3
 Olgreb's Toxic Radiance  Pois           11%        N/A       50%         4


Dungeon Overview and Level Annotations

Branches:
Dungeon (1/15)

Altars:


Message History

Aim: a kobold, wielding a +0 short sword (60% to hit)
You miscast Sting.
You are very lightly contaminated with residual magic.
Nothing appears to happen.
The ball python barely misses you. x2
The kobold hits you with a +0 short sword.
The endoplasm hits you but does no damage.
You hit the kobold.
The kobold is severely wounded.
The ball python closely misses you. The ball python grabs you.
The ball python constricts you.
An endoplasm comes into view.
The kobold barely misses you. The endoplasm hits you.
The ball python barely misses you. The ball python constricts you.
You hit the kobold but do no damage.
The kobold is severely wounded.
The kobold completely misses you. The endoplasm hits you.
The ball python barely misses you. The ball python constricts you.
You barely miss the kobold.
The kobold is severely wounded.
The kobold throws a stone.
The stone barely misses you.
The endoplasm hits you but does no damage.
The ball python bites you but does no damage.
The ball python constricts you.
Casting: Sting (safe; 10% risk of failure)
Confirm with . or Enter, or press ? or * to list all spells.
Aiming: Sting (safe; 10% risk of failure)
Press: ? - help, Shift-Dir - straight line, f/p - kobold
Aim: a kobold, wielding a +0 short sword (severely wounded, 60% to hit)
The sting hits the kobold.
The kobold is poisoned.
You kill the kobold!
The ball python bites you but does no damage.
The ball python constricts you. The endoplasm freezes you.
You are frozen.
The ball python's grasp on you weakens, but your attempt to escape fails.
The ball python bites you but does no damage.
The ball python constricts you. The endoplasm hits you.
* * * LOW HITPOINT WARNING * * *
The kobold closely misses you. The ball python bites you.
You die...

......##.#
..#####.# ###.#
#.#
##.#.#####.#
.###.#........#
..........#####
..........#
......>)$.#
......K@..#
.#....JS..#
....J.....#
..?.........
.............
#.........####
#..######## ##.


You could see 2 endoplasms, a ball python and a kobold.

Vanquished Creatures
  2 kobolds (D:1)
2 creatures vanquished.

Notes
Turn   | Place    | Note
-------+----------+-------------------------------------------
     0 | D:1      | aSlayers the Demonspawn Venom Mage began the quest for the
                  | Orb.
     0 | D:1      | Reached XP level 1. HP: 13/13 MP: 3/3
   172 | D:1      | Slain by a ball python

Illustrated notes

Levels and vault maps discovered:
D:1:      dpeg_arrival_tiny_d, layout_loops_ring,
          chequers_ecumenical_altar_island, minmay_misc_feat_enclosed,
          minmay_tiny_reverse_x

Action                   || total
-------------------------++-------
Melee: Whip              ||     3
 Cast: Sting             ||     2
Armor: Robe              ||     6
Dodge: Dodged            ||    11

Table legend: (Time is in decaauts)
 A = Elapsed time spent in this place.
 B = Non-inter-level travel time spent in this place.
 C = Inter-level travel time spent in this place.
 D = Time resting spent in this place.
 E = Time spent auto-exploring this place.
 F = Levels seen in this place.
 G = Mean time per level.
                   A        B        C        D        E       F      G
               +--------+--------+--------+--------+--------+-----+--------+
         Total |    171 |    171 |      0 |      0 |    139 |   1 |  171.0 |
       Dungeon |    171 |    171 |      0 |      0 |    139 |   1 |  171.0 |
               +--------+--------+--------+--------+--------+-----+--------+

Top non-repeatable levels by time:
     D:1: 171 daAuts
